[Event "Titled Tuesday Blitz May 23 Early 2023"]
[White "koncheto"]
[Black "Zavortink, Matt"]
[BlackFideId "2034263"]
[WhiteElo "2617"]
[BlackElo "2465"]
[Result "0-1"]
[Round "05"]
[TimeControl "180+2"]
[Date "2023.05.23"]
[WhiteClock "0:00:00"]
[BlackClock "0:00:04"]

1. e4 e6 2. d4 d5 3. Nd2 c5 4. exd5 Qxd5 5. Ngf3 cxd4 6. Bc4 Qd7 7. O-O Nc6 8. Nb3 a6 9. Nbxd4 Nxd4 10. Nxd4 Bc5 11. Be3 Nf6 12. c3 Qc7 13. Bd3 O-O 14. Qf3 e5 15. Nf5 Bxf5 16. Bxf5 Bxe3 17. Qxe3 Rfe8 18. Rad1 Rad8 19. h3 g6 20. Bc2 Nd5 21. Qf3 Nf4 22. Kh2 Kg7 23. g3 Ne6 24. h4 f5 25. Bb3 e4 26. Qe3 Nc5 27. Bd5 Nd3 28. c4 Qe5 29. b3 f4 30. Qb6 Rd7 31. Rd2 Rf8 32. Rfd1 Rf6 33. Qa7 Re7 34. Bxe4 Qxe4 35. Rxd3 fxg3+ 36. fxg3 Qe2+ 37. Kh3 Rf2 38. Rh1 Qxd3 39. Qxf2 Re2 40. Qf4 Qd7+ 41. Qg4 Qxg4+ 42. Kxg4 Rxa2 43. Rd1 b5 44. Rd7+ Kh6 45. cxb5 axb5 46. Rb7 Rb2 47. Rxb5 Kg7 48. Kf4 h6 49. g4 Rf2+ 50. Kg3 Rb2 51. g5 hxg5 52. hxg5 Rg2+ 53. Kf4 Rf2+ 54. Ke5 Rf5+ 0-1


[Site "https://www.chess.com"]

[Event "Titled Tuesday Blitz May 23 Early 2023"]
[White "merinasian"]
[Black "Iskusnyh, Sergei"]
[BlackFideId "4120027"]
[WhiteElo "2463"]
[BlackElo "2492"]
[Result "1-0"]
[Round "05"]
[TimeControl "180+2"]
[Date "2023.05.23"]
[WhiteClock "0:00:05"]
[BlackClock "0:00:00"]

1. d4 d5 2. Nf3 Nf6 3. g3 c6 4. Bg2 Bf5 5. c4 e6 6. Nc3 h6 7. Qb3 Qb6 8. c5 Qa6 9. Bf1 Ne4 10. e3 b5 11. Nh4 Bh7 12. a4 Nd7 13. Ra2 bxa4 14. Rxa4 Qc8 15. Ba6 Qb8 16. Qb7 Be7 17. Qxc6 Bxh4 18. gxh4 Nxc3 19. bxc3 Qb1 20. O-O O-O 21. Qxd7 Qg6+ 22. Kh1 Qc2 23. Ra1 Rab8 24. Qd6 Kh8 25. Qg3 f5 26. Ba3 Rf6 27. h5 Rg8 28. c6 f4 29. exf4 Be4+ 30. f3 Bf5 31. c7 Qxc3 32. c8=Q Rxc8 33. Bxc8 Qxc8 34. Rg1 Rf7 35. Bd6 Qb7 36. Be5 Kh7 37. Rac1 a5 38. Ra1 Qa7 39. Qg2 a4 40. Qa2 Qa6 41. Qxa4 Qe2 42. Qb3 Bd3 43. Raf1 Qd2 44. Qd1 Qc3 45. Re1 Qa3 46. Re3 Qa6 47. Qxd3+ Rf5 48. Qxa6 1-0


[Site "https://www.chess.com"]

[Event "Titled Tuesday Blitz May 23 Early 2023"]
[White "Avazkhonov, Alikhon"]
[Black "Melikyan, Gnel"]
[WhiteFideId "14208504"]
[BlackFideId "54109990"]
[WhiteElo "1739"]
[BlackElo "2138"]
[Result "0-1"]
[Round "05"]
[TimeControl "180+2"]
[Date "2023.05.23"]
[WhiteClock "0:00:00"]
[BlackClock "0:00:25"]

1. e4 e5 2. Nf3 Nc6 3. Bb5 Nf6 4. d3 d6 5. O-O Be7 6. c3 O-O 7. Re1 Bd7 8. Nbd2 a6 9. Ba4 Re8 10. Nf1 Bf8 11. Ng3 Ne7 12. Bb3 Ng6 13. Ng5 Nh8 14. Nh5 h6 15. Nxf6+ Qxf6 16. Nf3 Ng6 17. d4 Bg4 18. Be3 Bxf3 19. Qxf3 Qxf3 20. gxf3 Nh4 21. Bd1 g5 22. d5 f5 23. exf5 Nxf5 24. Bc2 Nh4 25. Be4 Be7 26. Kf1 Rf8 27. Ke2 Rf7 28. Rg1 Raf8 29. Rg3 Kg7 30. a4 b6 31. a5 b5 32. b4 Nf5 33. Rgg1 Nh4 34. Rg3 Nf5 35. Rh3 Rb8 36. Rc1 Bd8 37. c4 bxc4 38. Rxc4 Ne7 39. Kd3 Rb5 40. Kc2 Nxd5 41. Bxd5 Rxd5 42. Rc6 Rb5 43. Kb3 d5 44. Bc5 Rf6 45. Rxf6 Bxf6 46. Rg3 c6 47. Rg1 Kf7 48. Rc1 Ke6 49. Bb6 Kd7 50. Bc5 Bd8 51. Ka4 Bc7 52. Rc2 Bd6 0-1


[Site "https://www.chess.com"]

[Event "Titled Tuesday Blitz May 23 Early 2023"]
[White "Srdanovic, Jovana"]
[Black "Lopez Mulet, Inigo"]
[WhiteFideId "954810"]
[BlackFideId "22235620"]
[WhiteElo "2169"]
[BlackElo "2289"]
[Result "0-1"]
[Round "05"]
[TimeControl "180+2"]
[Date "2023.05.23"]
[WhiteClock "0:00:08"]
[BlackClock "0:01:39"]

1. d4 Nf6 2. c4 c5 3. d5 b5 4. cxb5 a6 5. bxa6 g6 6. Nc3 Bg7 7. e4 O-O 8. g3 Bxa6 9. Nf3 Bxf1 10. Kxf1 Qa5 11. Kg2 e6 12. Re1 exd5 13. e5 Ng4 14. Nxd5 Nc6 15. Bd2 Qa7 16. Bc3 Rfe8 17. Nf6+ Nxf6 18. exf6 Bh6 19. Qd6 Bf8 20. Qd5 Qb7 21. Rxe8 Rxe8 22. Rd1 d6 23. h4 h6 24. h5 g5 25. a3 Nd8 26. Qxb7 Nxb7 27. Nh2 Re4 28. Kf3 Ra4 29. Ng4 Nd8 30. Ne3 Ne6 31. Nf5 Ra6 32. b4 Rxa3 33. b5 Rxc3+ 34. Kg2 Rb3 35. Ne7+ Kh7 36. Rxd6 Rxb5 37. Rc6 Rb7 38. Nf5 Rc7 39. Ra6 c4 40. Ra2 c3 41. Rc2 Rc5 42. Ne3 Nd4 43. Rc1 Rc8 44. f4 Ba3 45. Rd1 c2 46. Nxc2 Rxc2+ 47. Kh3 Ne6 0-1


[Site "https://www.chess.com"]

[Event "Titled Tuesday Blitz May 23 Early 2023"]
[White "Al-Tarboush, Ward"]
[Black "Bilan, Danila"]
[WhiteFideId "7601450"]
[BlackFideId "24161918"]
[WhiteElo "2265"]
[BlackElo "2182"]
[Result "1-0"]
[Round "05"]
[TimeControl "180+2"]
[Date "2023.05.23"]
[WhiteClock "0:01:05"]
[BlackClock "0:00:00"]

1. Nc3 d5 2. d4 Nf6 3. Bg5 Bf5 4. Nf3 e6 5. e3 Nbd7 6. Bd3 Bg6 7. Ne5 Be7 8. O-O Nxe5 9. dxe5 Nd7 10. Bxe7 Qxe7 11. f4 c6 12. Qf3 O-O 13. Rad1 Rad8 14. Bxg6 hxg6 15. Qg4 Nc5 16. Rf3 Ne4 17. Rh3 Nxc3 18. bxc3 c5 19. Qe2 f5 20. exf6 Rxf6 21. Rg3 e5 22. fxe5 Qxe5 23. c4 d4 24. Qg4 Rdf8 25. exd4 cxd4 26. h3 Rd8 27. c3 d3 28. Rgxd3 Rxd3 29. Rxd3 Qc5+ 30. Qd4 Qf5 31. Kh2 g5 32. Rf3 Qg6 33. Rxf6 Qxf6 34. Qxf6 gxf6 35. Kg3 Kf7 36. Kf3 Ke6 37. g3 Kf5 38. h4 Kg6 39. c5 Kf5 40. g4+ Kg6 41. h5+ Kh6 42. Ke4 1-0


[Site "https://www.chess.com"]

[Event "Titled Tuesday Blitz May 23 Early 2023"]
[White "Mouhamad, Joachim"]
[Black "Ismagilov, Damir"]
[WhiteFideId "656410"]
[BlackFideId "34199982"]
[WhiteElo "2125"]
[BlackElo "2143"]
[Result "1-0"]
[Round "05"]
[TimeControl "180+2"]
[Date "2023.05.23"]
[WhiteClock "0:00:26"]
[BlackClock "0:00:09"]

1. e4 g6 2. d4 Bg7 3. Nc3 d6 4. Nf3 Bg4 5. Be2 Nc6 6. Be3 e5 7. d5 Nce7 8. O-O f5 9. Ng5 Bxe2 10. Qxe2 Qd7 11. Ne6 Nc8 12. Nb5 Kf7 13. exf5 c6 14. Nbc7 Rb8 15. f4 e4 16. fxg6+ hxg6 17. f5 gxf5 18. Rxf5+ Nf6 19. Raf1 Ne7 20. Rg5 Rbg8 21. c4 cxd5 22. cxd5 Nxd5 23. Rxd5 Ke7 24. Rg5 Bh6 25. Rxg8 Nxg8 26. Bxh6 Rxh6 27. Qxe4 Rxe6 28. Qxe6+ Qxe6 29. Nxe6 Kxe6 30. Rf8 Nh6 31. h3 Nf5 32. Rxf5 Kxf5 33. g4+ Kf4 34. Kf2 d5 35. Ke2 b6 36. Kd3 Ke5 37. h4 Kf4 38. h5 Kxg4 39. h6 Kf4 40. h7 Kf5 41. h8=Q Ke6 1-0


[Site "https://www.chess.com"]

[Event "Titled Tuesday Blitz May 23 Early 2023"]
[White "KorolDimitriy75"]
[Black "Bodnaruk, Anastasia"]
[BlackFideId "4181751"]
[WhiteElo "2451"]
[BlackElo "2304"]
[Result "0-1"]
[Round "05"]
[TimeControl "180+2"]
[Date "2023.05.23"]
[WhiteClock "0:00:00"]
[BlackClock "0:00:35"]

1. d4 Nf6 2. c4 g6 3. Nc3 Bg7 4. e4 d6 5. Nf3 O-O 6. Be2 e5 7. dxe5 dxe5 8. Qxd8 Rxd8 9. Bg5 Nbd7 10. O-O-O Rf8 11. Ne1 Nc5 12. f3 Ne6 13. Be3 c6 14. Nc2 Re8 15. Rd2 Bf8 16. Rhd1 h5 17. b3 h4 18. Kb2 Nh5 19. Bf1 f5 20. Bf2 Be7 21. b4 Neg7 22. c5 Be6 23. Na3 Rad8 24. Rxd8 Rxd8 25. Rxd8+ Bxd8 26. Nc4 Bxc4 27. Bxc4+ Kf8 28. a4 Nf4 29. Bf1 Nge6 30. g3 hxg3 31. hxg3 Nh5 32. Bd3 f4 33. g4 Ng3 34. Kb3 Ng5 35. Bxg3 fxg3 36. Ne2 g2 37. Ng1 Ne6 38. Kc4 Bh4 0-1


[Site "https://www.chess.com"]

[Event "Titled Tuesday Blitz May 23 Early 2023"]
[White "Mrudul Dehankar"]
[Black "Novik, Maxim"]
[WhiteFideId "25096990"]
[BlackFideId "4102924"]
[WhiteElo "2139"]
[BlackElo "2287"]
[Result "0-1"]
[Round "05"]
[TimeControl "180+2"]
[Date "2023.05.23"]
[WhiteClock "0:00:00"]
[BlackClock "0:02:52"]

1. e4 c6 2. d4 d5 3. Nd2 dxe4 4. Nxe4 Bf5 5. Ng3 Bg6 6. Nf3 e6 7. Bd3 Nf6 8. O-O Nbd7 9. c4 Bd6 10. Qc2 O-O 11. Bd2 Bxd3 12. Qxd3 Qc7 13. Bc3 Rad8 14. Rad1 Rfe8 0-1


[Site "https://www.chess.com"]

[Event "Titled Tuesday Blitz May 23 Early 2023"]
[White "Kim, Sergey"]
[Black "Gurevich, Dmitry"]
[WhiteFideId "13700570"]
[BlackFideId "2000407"]
[WhiteElo "2577"]
[BlackElo "2506"]
[Result "0-1"]
[Round "05"]
[TimeControl "180+2"]
[Date "2023.05.23"]
[WhiteClock "0:00:25"]
[BlackClock "0:00:03"]

1. d4 Nf6 2. c4 a6 3. Nc3 c5 4. e3 e6 5. Nf3 d5 6. a3 Nc6 7. Bd3 cxd4 8. exd4 dxc4 9. Bxc4 Be7 10. O-O O-O 11. Re1 b5 12. Ba2 Bb7 13. h3 Na5 14. Ne5 Rc8 15. Re3 Nd5 16. Rg3 Nxc3 17. bxc3 Bf6 18. Ng4 Bh4 19. Re3 Nc4 20. Bxc4 Rxc4 21. Ne5 Qd5 22. Qg4 Rcc8 23. Rf3 Qd8 24. Re3 Bf6 25. a4 Qd5 26. axb5 h5 27. Qg3 axb5 28. Bd2 Bh4 29. Qh2 Bg5 30. Re2 Bxd2 31. Rxd2 Rxc3 32. f3 Rfc8 33. Qf4 f6 34. Ng6 R3c7 35. Re1 Kf7 36. Nh4 Kg8 37. Ng6 Kf7 38. Qg3 Qg5 39. Qxg5 fxg5 40. Ne5+ Kf6 41. Rb1 Rc1+ 42. Rxc1 Rxc1+ 43. Kh2 Rb1 44. Nd7+ Ke7 45. Nc5 Bd5 46. Nd3 b4 47. f4 gxf4 48. Nxf4 b3 49. Nxd5+ exd5 50. Re2+ Kd6 51. Re8 b2 52. Rb8 h4 53. Rb7 Ke6 54. Rb3 Kf5 55. Rb7 Ke4 56. Rb4 Kd3 57. Rb3+ Kxd4 58. Rb7 Kd3 59. Rb5 d4 60. Rb7 Kc3 61. Rxg7 Rc1 62. Rc7+ Kd3 63. Rh7 b1=Q 64. Rxh4 Kd2 65. Rxd4+ Ke3 66. Rg4 Rh1+ 67. Kg3 Qe1# 0-1


[Site "https://www.chess.com"]

[Event "Titled Tuesday Blitz May 23 Early 2023"]
[White "Khromkin, Andrey"]
[Black "Thecourseoisildur"]
[WhiteFideId "4154126"]
[WhiteElo "2439"]
[BlackElo "2576"]
[Result "0-1"]
[Round "05"]
[TimeControl "180+2"]
[Date "2023.05.23"]
[WhiteClock "0:00:58"]
[BlackClock "0:01:49"]

1. d4 Nf6 2. c4 g6 3. Nf3 Bg7 4. Nc3 d5 5. cxd5 Nxd5 6. g3 O-O 7. Bg2 Nxc3 8. bxc3 c5 9. O-O Nc6 10. Be3 Be6 11. Qa4 Qa5 12. Qxa5 Nxa5 13. Nd2 cxd4 14. Bxd4 Rac8 15. Rfb1 Rxc3 16. Bxg7 Kxg7 17. Bxb7 Rc2 18. Nb3 Nxb7 19. Nd4 Rc7 20. Nb5 Rd7 21. Nxa7 Ra8 22. Nc6 Rxa2 23. Ne5 Rxa1 24. Rxa1 Rd2 0-1


[Site "https://www.chess.com"]

[Event "Titled Tuesday Blitz May 23 Early 2023"]
[White "egorchess95"]
[Black "Yeritsyan, Hayk"]
[BlackFideId "13307320"]
[WhiteElo "2566"]
[BlackElo "2438"]
[Result "0-1"]
[Round "05"]
[TimeControl "180+2"]
[Date "2023.05.23"]
[WhiteClock "0:00:14"]
[BlackClock "0:00:10"]

1. e4 c5 2. Nf3 d6 3. d4 cxd4 4. Qxd4 Nf6 5. Nc3 Nc6 6. Bb5 Bd7 7. Bxc6 Bxc6 8. Bg5 e5 9. Qd3 Be7 10. O-O-O Qa5 11. Kb1 O-O 12. Bxf6 Bxf6 13. Nd5 Bd8 14. Nd2 Bxd5 15. exd5 b5 16. Ne4 Be7 17. g4 Qb6 18. Rdf1 a5 19. f4 exf4 20. Rxf4 a4 21. g5 Rac8 22. Rh4 g6 23. Nf6+ Bxf6 24. gxf6 Qf2 25. Rh3 Qxf6 26. Rf1 Qg7 27. Rhf3 b4 28. Rf6 a3 29. b3 Rc3 30. Qd4 Rfc8 31. R1f2 Re8 32. Qd2 Rce3 33. c4 bxc3 34. Qd4 Re1+ 35. Kc2 Qh6 36. R6f4 R1e2+ 37. Kxc3 Rxf2 38. Qxf2 Qg7+ 39. Kb4 Qb2 40. Rxf7 Rb8+ 41. Ka4 Qc3 42. Ra7 Qb4# 0-1


[Site "https://www.chess.com"]

[Event "Titled Tuesday Blitz May 23 Early 2023"]
[White "Pinto, Daniel"]
[Black "Spata, German"]
[WhiteFideId "3303144"]
[BlackFideId "113026"]
[WhiteElo "2145"]
[BlackElo "2260"]
[Result "0-1"]
[Round "05"]
[TimeControl "180+2"]
[Date "2023.05.23"]
[WhiteClock "0:00:01"]
[BlackClock "0:00:35"]

1. e4 e6 2. d4 d5 3. Nd2 dxe4 4. Nxe4 Bd7 5. Nf3 Bc6 6. Bd3 Nd7 7. O-O Ngf6 8. Qe2 Nxe4 9. Bxe4 Bxe4 10. Qxe4 c6 11. c3 Be7 12. Qg4 O-O 13. Bh6 Bf6 14. Rfe1 Kh8 15. Bg5 h6 16. h4 Re8 17. Qh5 Kg8 18. Re4 hxg5 19. hxg5 g6 20. Qh3 Bxg5 21. Rg4 Bf6 22. Qh6 Bg7 23. Qh3 e5 24. g3 e4 25. Ng5 Nf6 26. Rh4 Nh5 27. Rxh5 gxh5 28. Qxh5 Qf6 29. Qh7+ Kf8 30. Qh4 Qg6 31. Kg2 Bf6 32. Nh7+ Kg7 33. Nxf6 Qxf6 34. Qg4+ Qg6 0-1


[Site "https://www.chess.com"]

[Event "Titled Tuesday Blitz May 23 Early 2023"]
[White "Han, Yichen"]
[Black "Mazarini41"]
[WhiteFideId "1054430"]
[WhiteElo "2342"]
[BlackElo "2430"]
[Result "0-1"]
[Round "05"]
[TimeControl "180+2"]
[Date "2023.05.23"]
[WhiteClock "0:00:07"]
[BlackClock "0:00:08"]

1. d4 Nf6 2. c4 g6 3. Nc3 Bg7 4. e4 d6 5. Nf3 O-O 6. Be2 e5 7. O-O Nc6 8. dxe5 dxe5 9. Bg5 Bg4 10. Qxd8 Nxd8 11. Bxf6 Bxf6 12. Nd5 Bxf3 13. Bxf3 Bg5 14. Nxc7 Rc8 15. Nb5 a6 16. Na3 Be7 17. Be2 Bxa3 18. bxa3 Nc6 19. Rfc1 Nd4 20. Bf1 Rc7 21. a4 Rfc8 22. Rd1 Rc5 23. Rab1 R8c7 24. f4 f6 25. Rb4 Nc6 26. Rb2 exf4 27. Rd6 Kf7 28. Rd5 Na5 29. Rf2 g5 30. Rb2 Ke6 31. Rb6+ Kf7 32. Rdd6 R5c6 33. c5 Kg7 34. g3 fxg3 35. hxg3 Rxc5 36. Rxf6 R5c6 37. e5 Rxb6 38. Rxb6 Nc6 39. e6 Kf6 40. Bh3 Ke7 41. Bf5 h5 42. Rb1 Nd4 43. Bg6 h4 44. gxh4 gxh4 45. Re1 Nf3+ 46. Kf2 Nxe1 47. Kxe1 Kf6 48. Bh5 Kxe6 49. Kd2 Ke5 50. Kd3 Rh7 51. Bf3 h3 52. Ke3 h2 53. Bh1 Rh6 54. Kf2 b6 55. Ke3 a5 56. a3 Kd6 57. Kf2 Kc5 58. Kg3 Kc4 59. Kg4 Kb3 60. Kg5 Rh8 61. Kg6 Kxa3 62. Kg7 Rh4 63. Kg6 Kxa4 64. Kg5 Rh8 65. Kg4 Kb4 66. Kf4 a4 67. Ke3 a3 0-1


[Site "https://www.chess.com"]

[Event "Titled Tuesday Blitz May 23 Early 2023"]
[White "Sargissyan, Sargis"]
[Black "robertoalejandro10"]
[WhiteFideId "13303210"]
[WhiteElo "2109"]
[BlackElo "2560"]
[Result "0-1"]
[Round "05"]
[TimeControl "180+2"]
[Date "2023.05.23"]
[WhiteClock "0:00:03"]
[BlackClock "0:01:59"]

1. c4 c5 2. Nc3 g6 3. h4 h5 4. Nf3 Bg7 5. g3 Nc6 6. Bg2 Nf6 7. O-O O-O 8. d4 cxd4 9. Nxd4 d6 10. Nxc6 bxc6 11. Bxc6 Bh3 12. Bg2 Bxg2 13. Kxg2 Rc8 14. Qd3 Qc7 15. Nd5 Nxd5 16. cxd5 Qc2 17. Bg5 Qxb2 18. Bxe7 Rfe8 19. Bxd6 Qb6 20. Bf4 Bxa1 21. Rxa1 Qb2 22. Rd1 Rxe2 23. Be3 Rc3 24. Rd2 Rxd3 0-1


[Site "https://www.chess.com"]

[Event "Titled Tuesday Blitz May 23 Early 2023"]
[White "Jakubowska, Anna"]
[Black "Omelja, Artem"]
[WhiteFideId "1121952"]
[BlackFideId "14119846"]
[WhiteElo "2001"]
[BlackElo "2404"]
[Result "0-1"]
[Round "05"]
[TimeControl "180+2"]
[Date "2023.05.23"]
[WhiteClock "0:00:00"]
[BlackClock "0:00:07"]

1. e4 e5 2. Nf3 Nc6 3. Bb5 a6 4. Ba4 Nf6 5. O-O b5 6. Bb3 Be7 7. d3 d6 8. a4 b4 9. a5 Bg4 10. Ba4 Bd7 11. Re1 O-O 12. Nbd2 Nb8 13. Nc4 Bxa4 14. Rxa4 c5 15. Nb6 Ra7 16. c3 bxc3 17. bxc3 Nbd7 18. Nc4 Qc7 19. Bg5 Rb8 20. Qc2 Rab7 21. Raa1 Rb5 22. Nh4 Bf8 23. Nf5 g6 24. Nh6+ Kg7 25. Qe2 R8b7 26. Qf3 Be7 27. Ne3 Qd8 28. Nd5 Nxd5 29. Qxf7+ Kh8 30. Qxd5 Qe8 31. Nf7+ Kg7 32. Bh6+ Kf6 33. Nxd6 Bxd6 34. Qxd6+ Qe6 35. Bg5+ Kf7 36. Qxe6+ Kxe6 37. h3 Rb3 38. Rec1 c4 39. d4 R7b5 40. d5+ Kd6 41. Be3 Nc5 42. Bxc5+ Rxc5 43. Kf1 Rbb5 44. Ke1 Rxa5 45. Rxa5 Rxa5 46. Kd2 Kc5 47. Rb1 Ra2+ 48. Ke3 Rc2 49. Rd1 Rxc3+ 50. Ke2 Kd6 51. Rb1 Rb3 52. Ra1 Rb6 53. Kd2 Kc5 54. Kc3 Rb3+ 55. Kc2 Kd4 56. Rxa6 Kxe4 57. d6 Rd3 58. Rc6 Kd5 59. Rc7 Kxd6 60. Rxc4 Rd5 61. Rc3 Ke6 62. Rd3 Rc5+ 63. Kd2 e4 64. Rd4 Ke5 65. Ra4 Kf4 66. Ke2 Rc2+ 67. Ke1 Rb2 68. g3+ Kf3 69. Ra3+ Kg2 70. Re3 Kxh3 71. Rxe4 Kg2 72. Re2 Rb1+ 73. Kd2 Rb3 74. Ke1 Rb1+ 75. Kd2 Rb2+ 76. Ke1 Rxe2+ 77. Kxe2 h5 78. Ke3 g5 79. Ke2 h4 80. gxh4 gxh4 81. f4 h3 82. f5 h2 83. f6 h1=Q 84. f7 Qh8 0-1


[Site "https://www.chess.com"]

[Event "Titled Tuesday Blitz May 23 Early 2023"]
[White "Baghdasaryan, Vahe"]
[Black "GMFYHR1"]
[WhiteFideId "13303139"]
[WhiteElo "2216"]
[BlackElo "2410"]
[Result "0-1"]
[Round "05"]
[TimeControl "180+2"]
[Date "2023.05.23"]
[WhiteClock "0:00:02"]
[BlackClock "0:00:26"]

1. e4 c5 2. Nf3 e6 3. g3 Nf6 4. d3 d5 5. Nbd2 Nc6 6. Bg2 Be7 7. O-O O-O 8. Re1 Qc7 9. Qe2 d4 10. e5 Nd5 11. a4 a6 12. Nc4 Rb8 13. a5 Bd7 14. h4 f6 15. exf6 Bxf6 16. Ng5 Bxg5 17. Bxg5 Rbe8 18. Be4 Nf6 19. Bg2 e5 20. Nb6 Bg4 21. Qd2 Qd6 22. Nc4 Qc7 23. Bxc6 bxc6 24. Kg2 Nd5 25. Qc1 Bf3+ 26. Kh2 h6 27. Bd2 Nf6 28. Rf1 Ng4+ 29. Kg1 Qd7 30. b4 Be2 31. bxc5 Bxf1 32. Qxf1 Rxf2 33. Qxf2 Nxf2 34. Kxf2 Rf8+ 35. Kg2 Qf5 36. Be1 Qf1+ 37. Kh2 Qe2+ 38. Kh3 Rf1 0-1


[Site "https://www.chess.com"]

[Event "Titled Tuesday Blitz May 23 Early 2023"]
[White "Fernandez Siles, Luis"]
[Black "Ibadov, Dashgyn"]
[WhiteFideId "2209420"]
[BlackFideId "24107514"]
[WhiteElo "2195"]
[BlackElo "2208"]
[Result "1/2-1/2"]
[Round "05"]
[TimeControl "180+2"]
[Date "2023.05.23"]
[WhiteClock "0:00:10"]
[BlackClock "0:00:09"]

1. d4 Nf6 2. c4 c5 3. d5 d6 4. Nc3 g6 5. e4 Bg7 6. f4 O-O 7. Nf3 e6 8. dxe6 fxe6 9. Bd3 Nc6 10. O-O b6 11. Ng5 Nd4 12. Bd2 Qe7 13. Qe1 Bb7 14. Qh4 h6 15. Nf3 Nd5 16. Qg3 Nxc3 17. Bxc3 Nxf3+ 18. Rxf3 Bxc3 19. bxc3 Qg7 20. Qh3 Rae8 21. Rg3 e5 22. f5 g5 23. Qh5 Kh7 24. h4 Qf7 25. Qxf7+ Rxf7 26. hxg5 hxg5 27. Rxg5 Rg7 28. Rxg7+ Kxg7 29. Kf2 Rh8 30. a4 Kf6 31. a5 Bc6 32. axb6 axb6 33. Ra7 Ra8 34. Rh7 Ra2+ 35. Kf3 Rd2 36. Bb1 Rb2 37. Rh1 Rb3 38. Rh6+ Ke7 39. Rh7+ Kf6 40. Rh6+ Ke7 41. Rh7+ Kf6 42. Rh6+ 1/2-1/2


[Site "https://www.chess.com"]

[Event "Titled Tuesday Blitz May 23 Early 2023"]
[White "Bruedigam, Martin"]
[Black "Kabilov, Amin"]
[WhiteFideId "24608033"]
[BlackFideId "14700859"]
[WhiteElo "2331"]
[BlackElo "2110"]
[Result "1-0"]
[Round "05"]
[TimeControl "180+2"]
[Date "2023.05.23"]
[WhiteClock "0:00:22"]
[BlackClock "0:00:00"]

1. d4 Nf6 2. c4 c5 3. d5 e6 4. Nc3 exd5 5. cxd5 d6 6. e4 g6 7. f3 Bg7 8. Nge2 O-O 9. Ng3 h5 10. Be2 a6 11. a4 h4 12. Nf1 Nh7 13. Ne3 f5 14. exf5 gxf5 15. f4 Re8 16. O-O Bd4 17. Rf3 Nf6 18. Kh1 Qe7 19. h3 Nh5 20. Kh2 Ng3 21. Bd3 Qf6 22. Bd2 Nd7 23. Nf1 Nxf1+ 24. Qxf1 Nf8 25. g3 Bd7 26. gxh4 Re7 27. Rg3+ Kh8 28. Qf3 Rae8 29. Rg5 Nh7 30. Qh5 Re3 31. Bxe3 Bxe3 32. Ne2 Qxb2 33. Rf1 Qd2 34. Qg6 1-0


[Site "https://www.chess.com"]

[Event "Titled Tuesday Blitz May 23 Early 2023"]
[White "Shevtchenko, Olesya"]
[Black "Kotepalli, Sai Nirupama"]
[WhiteFideId "24131890"]
[BlackFideId "5039444"]
[WhiteElo "2003"]
[BlackElo "2397"]
[Result "1-0"]
[Round "05"]
[TimeControl "180+2"]
[Date "2023.05.23"]
[WhiteClock "0:00:49"]
[BlackClock "0:00:13"]

1. e4 c5 2. Nf3 e6 3. d4 cxd4 4. Nxd4 Nf6 5. Nc3 Nc6 6. Qd3 Bb4 7. a3 Bxc3+ 8. Qxc3 O-O 9. Nxc6 bxc6 10. Bg5 Nxe4 11. Bxd8 Nxc3 12. Be7 Re8 13. Bb4 Nd5 14. Bd3 a5 15. Bd6 Ba6 16. Kd2 Bxd3 17. Kxd3 Ra6 18. c4 Nf6 19. f4 c5 20. Bxc5 Rc6 21. Bd4 Nh5 22. g3 Rec8 23. Rhc1 a4 24. Rab1 Nf6 25. Bxf6 gxf6 26. b4 axb3 27. Rxb3 d5 28. Rbc3 dxc4+ 29. Rxc4 Rd6+ 30. Ke3 Ra8 31. a4 Rda6 32. Ra1 Kg7 33. Kd3 Kg6 34. Kc3 e5 35. Kb3 Kf5 36. fxe5 fxe5 37. Rf1+ Ke6 38. g4 Rb8+ 39. Rb4 Rd8 40. Rf3 f6 41. Rh3 Rd7 42. g5 Rf7 43. gxf6 Rxf6 44. Rxh7 Rf3+ 45. Ka2 Rf4 46. Rxf4 exf4 47. Rh6+ 1-0


[Site "https://www.chess.com"]

[Event "Titled Tuesday Blitz May 23 Early 2023"]
[White "zsizsi99"]
[Black "surrenderPLS"]
[WhiteElo "2394"]
[BlackElo "2547"]
[Result "0-1"]
[Round "05"]
[TimeControl "180+2"]
[Date "2023.05.23"]
[WhiteClock "0:00:09"]
[BlackClock "0:01:06"]

1. e4 c5 2. Nf3 d6 3. d4 cxd4 4. Nxd4 Nf6 5. Nc3 e5 6. Bb5+ Nbd7 7. Nf5 a6 8. Bxd7+ Qxd7 9. Ne3 Qc6 10. Ned5 Be6 11. O-O Nxe4 12. Nc7+ Qxc7 13. Nxe4 Be7 14. Nc3 Qc6 15. f4 exf4 16. Bxf4 O-O 17. Qe1 Qb6+ 18. Kh1 Rac8 19. Rb1 d5 20. Qg3 d4 21. Ne2 Rxc2 22. Be5 f6 23. Nxd4 Rc4 24. b3 Rxd4 25. Bxd4 Qxd4 26. Rbd1 Qe5 27. Rfe1 Qxg3 28. hxg3 Kf7 29. Rd3 Rd8 30. Rde3 Rd6 31. Rc1 Bd8 32. Kh2 f5 33. Rec3 Bd7 34. Rf3 g6 35. Re3 Bg5 0-1


[Site "https://www.chess.com"]

[Event "Titled Tuesday Blitz May 23 Early 2023"]
[White "Toncheva, Nadya"]
[Black "LeoLV10"]
[WhiteFideId "2924056"]
[WhiteElo "2101"]
[BlackElo "2393"]
[Result "0-1"]
[Round "05"]
[TimeControl "180+2"]
[Date "2023.05.23"]
[WhiteClock "0:00:01"]
[BlackClock "0:00:29"]

1. d4 Nf6 2. c4 e5 3. dxe5 Ng4 4. Nf3 Bb4+ 5. Bd2 Qe7 6. Nc3 Nxe5 7. Nxe5 Qxe5 8. a3 Be7 9. e3 O-O 10. Bd3 c6 11. O-O d5 12. cxd5 cxd5 13. Qf3 Be6 14. Nb5 Nc6 15. Bc3 Qb8 16. Qh5 h6 17. f4 f5 18. Qg6 Bf6 19. Bxf5 Bxf5 20. Qxf5 Qe8 21. Qxd5+ Kh8 22. Rae1 Rd8 23. Qf3 Bxc3 24. Nxc3 Rd2 25. Rf2 Rd3 26. Qe2 Rd6 27. h3 Re6 28. Qd2 Qe7 29. Rd1 Rd8 30. Nd5 Qc5 31. b4 Qc4 32. Qc3 Qe4 33. Qc2 Rxd5 34. Rxd5 Qxd5 35. Rd2 Qe4 36. Qb2 Qxe3+ 37. Kh1 Qxf4 38. Rd1 Qe5 39. Qf2 Rf6 40. Qc2 Qf5 41. Qe2 Re6 42. Qc4 Qe4 43. Qc3 Rg6 44. Qb2 Rg3 45. Kh2 Qf4 46. Rf1 Rf3+ 47. g3 Qxg3+ 48. Kh1 Rxf1# 0-1


[Site "https://www.chess.com"]

[Event "Titled Tuesday Blitz May 23 Early 2023"]
[White "Tologon tegin, Semetei"]
[Black "Rangel, Daniel"]
[WhiteFideId "13800574"]
[BlackFideId "2124475"]
[WhiteElo "2247"]
[BlackElo "2256"]
[Result "1-0"]
[Round "05"]
[TimeControl "180+2"]
[Date "2023.05.23"]
[WhiteClock "0:00:55"]
[BlackClock "0:00:00"]

1. Nf3 Nf6 2. e3 c5 3. d4 e6 4. Bd3 b6 5. O-O Bb7 6. c4 cxd4 7. exd4 d5 8. Nc3 Be7 9. cxd5 Nxd5 10. Bb5+ Bc6 11. Bxc6+ Nxc6 12. Qa4 Qd7 13. Nxd5 Qxd5 14. Be3 O-O 15. Rac1 Rfc8 16. Rc3 b5 17. Qa6 Bb4 18. Rc2 Ne7 19. Rxc8+ Rxc8 20. a3 Bd6 21. Qxa7 h6 22. h3 Rc2 23. b4 Nf5 24. Ne5 Nxe3 25. Qxf7+ Kh8 26. Qe8+ Kh7 27. Qg6+ Kg8 28. fxe3 Bxe5 29. Qxc2 Bf6 30. Qd3 h5 31. Rd1 h4 32. e4 Qa2 33. d5 exd5 34. exd5 Be5 35. d6 1-0


[Site "https://www.chess.com"]